 Dungeon Crawl Stone Soup version 0.28.0 (webtiles) character file.

Game seed: 9349380315695836079

67 HallandMoats the Skirmisher (level 3, -9/29 HPs)
             Began as a Demonspawn Monk on Feb 7, 2022.
             Mangled by a gnoll (12 damage)
             ... on level 2 of the Dungeon.
             The game lasted 00:01:47 (1673 turns).

HallandMoats the Skirmisher (Demonspawn Monk)       Turns: 1673, Time: 00:01:47

Health: -9/29      AC:  2    Str: 13    XL:     3   Next: 98%
Magic:  4/4        EV: 13    Int: 11    God:
Gold:   26         SH:  0    Dex: 15    Spells: 2/2 levels left

rFire   . . .      SeeInvis +   a - +0 spear
rCold   . . .      Faith    .   (no shield)
rNeg    . . .      Spirit   .   b - +0 robe
rPois   .          Reflect  .   (no helmet)
rElec   .          Harm     .   (no cloak)
rCorr   .          Rampage  .   (no gloves)
Will    .....                   (no boots)
Stlth   ++........              (no amulet)
HPRegen 0.09/turn               d - ring of see invisible
MPRegen 0.09/turn               (no ring)

@: no status effects
A: ignite blood 1
a: no special abilities


You were on level 2 of the Dungeon.
You visited 1 branch of the dungeon, and saw 2 of its levels.

You collected 26 gold pieces.

Inventory:

Hand Weapons
 a - a +0 spear (weapon)
Armour
 b - a +0 robe (worn)
Jewellery
 d - a ring of see invisible (left hand)
Scrolls
 c - 2 scrolls of teleportation {unknown}
 g - 2 scrolls of identify {unknown}
Potions
 e - a potion of degeneration {unknown}
 f - a potion of curing {unknown}


   Skills:
 + Level 3.4 Fighting
 + Level 3.1 Polearms
 + Level 1.1 Armour
 + Level 3.1 Dodging
 - Level 1.7 Stealth
 + Level 2.0 Invocations


You had 2 spell levels left.
You didn't know any spells.
Your spell library contained the following spells:

 Spells                   Type           Power      Damage    Failure   Level
 Sandblast                Erth           0%         2d4       34%         1
 Passwall                 Tmut/Erth      0%         N/A       47%         2
 Stone Arrow              Conj/Erth      0%         3d7       71%         3


Dungeon Overview and Level Annotations

Branches:
Dungeon (2/15)

Altars:


Innate Abilities, Weirdness & Mutations

Your demonic aura sometimes causes spilled blood to erupt in flames.


Message History

No target in view!
HP restored.
You see here an adder skeleton.
Found 22 stones.
You now have 26 gold pieces (gained 5).
Found 30 bolts.
You see here 22 stones.
c - 2 scrolls labelled UMIDEA DYSKAOWUC (gained 1) 2 gnolls come into view.
There are monsters nearby!
There are monsters nearby!
The gnoll shouts!
The gnoll closely misses you.
You swing at nothing.
The gnoll hits you from afar with a +0 halberd.
The gnoll barely misses you.
You hit the gnoll.
The gnoll is lightly wounded.
The gnoll barely misses you.
You hit the gnoll.
The gnoll is heavily wounded.
A gnoll comes into view. It is wielding a +3 whip.
The gnoll barely misses you.
The gnoll shouts!
You hit the gnoll.
The gnoll is severely wounded.
The gnoll hits you with a +0 halberd! The gnoll hits you with a +0 club.
You hit the gnoll but do no damage.
The gnoll is severely wounded.
The gnoll hits you with a +0 halberd. The gnoll hits you with a +0 club!
* * * LOW HITPOINT WARNING * * *
The gnoll closely misses you. The gnoll barely misses you.
An endoplasm comes into view.
A rat comes into view.
A worm comes into view.
You see here a scroll labelled TERAHU RICEAKLA.
g - 2 scrolls labelled TERAHU RICEAKLA (gained 1)
The gnoll hits you with a +0 halberd!
You die...

#...## #.#.###.##..# ##.##
#...#.# #.# .## #..# #.#
#.###g##.... #÷#######.#
#......w..### #.......#.#
#.###.#####
#..####.#w###g###.## #..#
#.#...##...## #.<#
#.#g###.#.#.###### #.>.#
#.@#.........>...##
#.....###.###.###.#.≈≈PP≈P≈PP
...............####..≈≈≈♣P≈PP.
#.......###.###.<.....P.≈≈≈♣♣≈≈
####...## #.#####.#P≈P≈.≈♣≈
##.## #.# #.###..≈.P≈ ## #.#
#.###...PPP #.# #.#.....≈PP #.#
#.#..#....P


You could see a worm and 2 gnolls.

Vanquished Creatures
  A hound skeleton (D:2)
  An adder (D:2)
  2 gnolls (D:1)
  A dart slug (D:1)
  An endoplasm (D:1)
  2 giant cockroaches (D:1)
  4 hobgoblins (D:1)
  2 quokkas (D:1)
  2 ball pythons (D:1)
  2 bats (D:1)
  2 goblins (D:1)
  5 kobolds (D:1)
  A rat (D:1)
26 creatures vanquished.

Vanquished Creatures (others)
  5 plants (D:2)
5 creatures vanquished.

Grand Total: 31 creatures vanquished

Notes
Turn   | Place    | Note
-------+----------+-------------------------------------------
     0 | D:1      | HallandMoats the Demonspawn Monk began the quest for the
                  | Orb.
     0 | D:1      | Reached XP level 1. HP: 18/18 MP: 1/1
   258 | D:1      | Gained mutation: Your demonic aura sometimes causes spilled
                  | blood to erupt in flames. [demonic ancestry]
   258 | D:1      | Reached XP level 2. HP: 9/24 MP: 2/2
   465 | D:1      | Reached skill level 1 in Invocations
   524 | D:1      | Reached XP level 3. HP: 20/29 MP: 2/4
   790 | D:1      | Found a faded altar of an unknown god.
   886 | D:1      | Reached skill level 1 in Armour
   920 | D:1      | You fall into a shaft and drop 1 floor!
  1640 | D:2      | HP: 1/29 [gnoll (8)]
  1673 | D:2      | Mangled by a gnoll

Illustrated notes

Levels and vault maps discovered:
D:1:      scummos_arrival_simple_fountains, layout_basic,
          ebering_ecumenical_altar_petrified
D:2:      layout_loops_ring, serial_shops, shop, serial_bayou_lagoon_a

Skill      XL: |  1  2  3 |
---------------+----------+-----
Invocations    | 1 2 |  2.0
Polearms       | 3 |  3.1
Dodging        | 3 |  3.1
Armour         | 1 |  1.1
Fighting       | |  3.4
Stealth        | |  1.7

Action                   || total
-------------------------++-------
Melee: Spear             ||   106
 Stab: Sleeping          ||     5
Armor: Robe              ||     7
Dodge: Dodged            ||    65
